Semilg, chaotic male elven Priest ---------- ------- ---------- |.........###############################..`...| #-.<......| |.[......| # --------------- |.....| |.^......| |........+ #...............########-.{....######.........-# |........| ###|.............|## -|----- ----------# |#.......| # |.............|## ## # ------|--- `## |.............|# # # # # #..............|### # # # ### ###---------------######## ####### # ### # # #### ### ---------|-- # # ### ### # |...>......| # ### # # ##-...*......| # # ### ### |..........| #------ --.---################################ ..........{| #|.!!!| |.....###### ------------ #d@!!m| |....| |.!!@| ------ ------ Semilg the Aspirant Experience level: 2 Strength: 10 Dexterity: 8 Constitution: 13 Intelligence: 21 Wisdom: 12 Charisma: 12 Health: 0(19) Energy: 21(21) Def: 3 Gold: 226 Moves: 923 Dungeon seed: Pwl0VoYy0uo2XTF7 Game ID: Semilg_1552740964 Your Inventory: Coins $ - 226 gold pieces Weapons a - a blessed +1 mace (weapon in hand) k - an uncursed +0 partisan Armor e - an uncursed +0 robe (being worn) n - an uncursed +0 small shield (being worn) q - an uncursed +0 pair of gauntlets of power r - an uncursed +0 orcish helm Spellbooks g - an uncursed spellbook of detect unseen h - an uncursed spellbook of protection i - an uncursed spellbook of cure blindness Potions b - 4 potions of holy water Rings l - an uncursed ring of aggravate monster Wands f - an uncursed wand of cancellation (0:1) Tools j - an uncursed leather drum Spells and supernatural/magical abilities: Name Level Category Fail Memory p - protection 1 clerical 0% 96% B - cure blindness 2 healing 9% 96% U - detect unseen 3 divination 55% 96% W - pray for help -- divine ? -- X - turn undead -- divine ? -- Your skills at the end: Miscellaneous Skills shield [Basic] wands [Basic] Weapon Skills mace [Basic] Spellcasting Skills clerical spells [Basic] Final Attributes: You were piously aligned. You had infravision. You were very stealthy. You were held by a large mimic. You are dead. Vanquished creatures: 5 jackals 4 newts a goblin 6 grid bugs 16 creatures vanquished. Voluntary challenges: You followed a strict vegan diet. You did not adorn yourself with jewelry or accessories. You did not cause conflict. You were not invisible. You did not have reflection. You were not displaced. You were an atheist. You used a wielded weapon 20 times, starting on turn 76. You did not use tools. You did not use plumbed fixtures. You did not drink any magical draughts. You were illiterate. You never genocided any monsters. You never polymorphed an object. You never changed form. You used no wishes. You never split a pudding. You never wrote Elbereth's name. You never violated your personal moral code. Dungeon overview: The Dungeons of Doom: levels 1 to 2 Level 1 a long staircase Level 2 <- You were here a potion shop, some fountains, a sink History has recorded: On T:1 you entered the Dungeons of Doom to retrieve the Amulet of Yendor! On T:81 you reached level 2 of The Dungeons of Doom. On T:910 you advanced to experience level 2. Score breakdown: Gold: 226 ( 22 points) Experience: 2 levels ( 100 points) Exploration: 2 levels ( 30 points) Discoveries: 4 items ( 200 points) Variety of kills: 4 monsters ( 200 points) Major goal: (nothing yet) ( 0 points) Survival: died (score multiplied by 3) Total score: 1656 Latest messages: You kill the jackal! Welcome to experience level 2. You feel more confident in your skills. You see here an uncursed white potion (50 zorkmids). You see here an uncursed bubbly potion (100 zorkmids). You see here an uncursed potion of water (5 zorkmids). You see here an uncursed dark potion (150 zorkmids). Wait! That's a large mimic! The large mimic claws you! Elf needs food, badly! This sprig of wolfsbane is delicious! You don't feel so weak now. You finish eating the sprig of wolfsbane. You cannot escape from the large mimic! (2x) You hit the large mimic. The large mimic claws you! You hit the large mimic! (2x) You hit the large mimic. (2x) The large mimic claws you! You die... Kyzyl gratefully inherits all your possessions. Final status: Goodbye Semilg the Priest, killed by a large mimic... You died in The Dungeons of Doom on dungeon level 2 with 1656 points, and 226 pieces of gold, after 923 moves. You were level 2 with a maximum of 19 hit points when you died.